 Dungeon Crawl Stone Soup version 0.18-a0-1405-g73f4075 (webtiles) character file.

23 Tomstefer the Insei (level 2, -1/18 HPs)
             Began as an Octopode Transmuter on Feb 24, 2016.
             Slain by a giant gecko (3 damage)
             ... on level 1 of the Dungeon.
             The game lasted 00:02:10 (850 turns).

Tomstefer the Insei (Octopode Transmuter)            Turns: 850, Time: 00:02:10

Health: -1/18      AC:  1    Str:  9    XL:     2   Next: 95%
Magic:  0/5        EV: 12    Int: 15    God:
Gold:   26         SH:  0    Dex: 12    Spells: 1 memorised, 4 levels left

rFire  . . .     SeeInvis .       - Unarmed
rCold  . . .     Gourm    .     (no shield)
rNeg   . . .     Faith    .     (helmet restricted)
rPois  .         Spirit   +     h - amulet of guardian spirit
rElec  .         Dismiss  .     (no ring)
rCorr  .         Reflect  .     (no ring)
SustAt .         Harm     .     (no ring)
MR     .....                    (no ring)
Stlth  ++........               (no ring)
                                (no ring)
                                (no ring)
                                (no ring)

@: not resistant to hostile enchantments, unstealthy
A: almost no armour, amphibious, 8 rings, constrict 8, camouflage 1, gelatinous
body 1
a: no special abilities


You were on level 1 of the Dungeon.
You were not hungry.

You visited 1 branch of the dungeon, and saw 1 of its levels.

You collected 26 gold pieces.

Inventory:

Missiles
 a - 52 arrows
Jewellery
 h - an amulet of guardian spirit (around mantle)
Scrolls
 e - a scroll of fog {unknown}
Potions
 d - a potion of flight {unknown}
 g - a potion of berserk rage {unknown}
Books
 b - a book of Changes

   Spells                             Type                      Level
   a - Beastly Appendage              Transmutation                1
   b - Sticks to Snakes               Transmutation                2
   c - Spider Form                    Transmutation/Poison         3
   d - Ice Form                       Ice/Transmutation            4
   e - Blade Hands                    Transmutation                5
Comestibles
 c - a bread ration
 f - a chunk of flesh


   Skills:
 - Level 1.0 Fighting
 + Level 2.6 Dodging
 + Level 3.3 Unarmed Combat
 - Level 2.0 Spellcasting
 + Level 2.4 Transmutations


You had 4 spell levels left.
You knew the following spells:

 Your Spells              Type           Power        Failure   Level  Hunger
a - Beastly Appendage     Trmt           #.....       12%         1    #......


Dungeon Overview and Level Annotations

Branches:
Dungeon (1/15)

Altars:


Innate Abilities, Weirdness & Mutations

You cannot wear most types of armour.
You are amphibious.
You can wear up to eight rings at the same time.
You can use your tentacles to constrict eight enemies at once.
Your skin changes colour to match your surroundings (Stealth).
Your rubbery body absorbs attacks (AC +1).


Message History

The giant gecko closely misses you. The rat bites you.
* * * LOW HITPOINT WARNING * * *
The giant gecko closely misses you.
You tentacle-slap the rat.
You kill the rat!
The giant gecko misses you. The giant gecko barely misses you.
You see here a rat corpse.
The giant gecko closely misses you.
Your tentacle spike disappears.
The giant gecko bites you.
* * * LOW HITPOINT WARNING * * *
You see here a rat corpse.
You barely miss the giant gecko. Your grab misses the giant gecko.
Your squeeze misses the giant gecko. The giant gecko barely misses you.
You tentacle-slap the giant gecko. You grab the giant gecko.
The giant gecko is lightly wounded.
You constrict the giant gecko, but do no damage.
The giant gecko bites you.
You die...

###.†...#......
+...÷...+r.....
♣##.....#......
♣.......####...
♣.......##########
♣....#####........
♣....#####'#######
♣.♣#l#####...........
#...@.# ##...........
##.##.# #............
#.##'###'###........
# #≈.≈≈≈.§##........
#≈≈.§.≈≈#.........
#.#≈≈...≈≈#.........
#...≈.<.≈§§.........
###≈≈...≈≈#.........
#≈≈.≈§§≈#........^


You could see a giant gecko.

Vanquished Creatures
  A dart slug (D:1)
  5 bats (D:1)
  2 giant cockroaches (D:1)
  2 hobgoblins (D:1)
  3 jackals (D:1)
  2 goblins (D:1)
  4 rats (D:1)
19 creatures vanquished.

Notes
Turn   | Place    | Note
--------------------------------------------------------------
     0 | D:1      | Tomstefer the Octopode Transmuter began the quest for the Orb.
     0 | D:1      | Reached XP level 1. HP: 13/13 MP: 3/3
   135 | D:1      | Reached XP level 2. HP: 5/18 MP: 3/5
   850 | D:1      | Slain by a giant gecko

Vault maps used:
D:1:      ncdulo_lavacross, serial_forest, infiniplex_forest_clump_tiny,
          infiniplex_forest_lined_2, infiniplex_forest_diagonal,
          infiniplex_forest_clump_C, infiniplex_forest_end_3,
          minmay_misc_feat_five

Action                   || total
-------------------------++-------
Melee: Unarmed           ||    34
 Cast: Beastly Appendage ||    11
